 Dungeon Crawl Stone Soup version 0.28.0-45-g0d030f2227 (webtiles) character file.

Game seed: 7972720751089138436

4 CryoSword the Caller (level 1, -3/13 HPs)
             Began as a Demonspawn Summoner on Apr 20, 2022.
             Slain by a hobgoblin
             ... wielding a +0 rapier
              (8 damage)
             ... on level 1 of the Dungeon.
             The game lasted 00:00:47 (581 turns).

CryoSword the Caller (Demonspawn Summoner)           Turns: 581, Time: 00:00:48

Health: -3/13      AC:  2    Str:  8    XL:     1   Next: 50%
Magic:  1/3        EV: 12    Int: 16    God:
Gold:   0          SH:  0    Dex: 13    Spells: 3/4 levels left

rFire   . . .      SeeInvis .   d - +0 dagger
rCold   . . .      Faith    .   (no shield)
rNeg    . . .      Spirit   .   a - +0 robe
rPois   .          Reflect  .   (no helmet)
rElec   .          Harm     .   (no cloak)
rCorr   .          Rampage  .   (no gloves)
Will    .....                   (no boots)
Stlth   ++........              (no amulet)
HPRegen 0.04/turn               (no ring)
MPRegen 0.08/turn               (no ring)

@: no status effects
A: no striking features
a: no special abilities


You were on level 1 of the Dungeon.
You visited 1 branch of the dungeon, and saw 1 of its levels.

Inventory:

Hand Weapons
 d - a +0 dagger (weapon)
   (You took it off a kobold on level 1 of the Dungeon)
Missiles
 c - 5 poisoned darts
Armour
 a - a +0 robe (worn)
Scrolls
 b - a scroll of noise {unknown}


   Skills:
 + Level 0.2 Fighting
 + Level 1.8 Dodging
 + Level 1.8 Stealth
 + Level 2.0 Spellcasting
 * Level 4.0 Summonings


You had 3 spell levels left.
You knew the following spells:

 Your Spells              Type           Power      Damage    Failure   Level
a - Summon Small Mammal   Summ           56%        N/A       3%          1

Your spell library contained the following spells:

 Spells                   Type           Power      Damage    Failure   Level
 Call Imp                 Summ           14%        N/A       6%          2
 Call Canine Familiar     Summ           14%        N/A       12%         3
 Summon Guardian Golem    Hex/Summ       8%         N/A       26%         3
 Summon Lightning Spire   Summ/Air       8%         N/A       65%         4


Dungeon Overview and Level Annotations

Branches:
Dungeon (1/15)

Altars:


Message History

You barely miss the hobgoblin. The hobgoblin hits you.
* * * LOW HITPOINT WARNING * * *
Your rat bites the hobgoblin.
You hit the hobgoblin. The hobgoblin hits you.
* * * LOW HITPOINT WARNING * * *
Your rat bites the hobgoblin.
The hobgoblin dies!
You start resting.
A nearby plant withers and dies.
You start resting.
You start resting.
Your rat disappears in a puff of smoke!
You see here a hobgoblin skeleton.
A giant cockroach comes into view.
A giant cockroach is nearby!
A giant cockroach is nearby!
A giant cockroach is nearby!
You barely miss the giant cockroach.
The giant cockroach waves its antennae.
The giant cockroach closely misses you.
You hit the giant cockroach but do no damage.
The giant cockroach closely misses you.
You barely miss the giant cockroach. The giant cockroach bites you.
You barely miss the giant cockroach.
The giant cockroach barely misses you. x2
You completely miss the giant cockroach.
Your punch misses the giant cockroach. The giant cockroach closely misses you.
You hit the giant cockroach but do no damage.
The giant cockroach bites you.
You are too injured to fight recklessly!
You are too injured to fight recklessly!
You are too injured to fight recklessly!
You are too injured to fight recklessly!
You are too injured to fight recklessly!
You are too injured to fight recklessly!
You are too injured to fight recklessly!
You are too injured to fight recklessly!
You are too injured to fight recklessly!
You are too injured to fight recklessly!
You are too injured to fight recklessly!
You are too injured to fight recklessly!
You are too injured to fight recklessly!
You are too injured to fight recklessly!
You are too injured to fight recklessly!
You are too injured to fight recklessly!
You swap places.
Your bat hits the giant cockroach but does no damage.
Your bat closely misses the giant cockroach.
The giant cockroach completely misses your bat.
Your bat hits the giant cockroach but does no damage.
The giant cockroach bites your bat.
Your bat barely misses the giant cockroach.
Your bat hits the giant cockroach but does no damage.
The giant cockroach misses your bat.
Your bat hits the giant cockroach but does no damage.
The giant cockroach bites your bat.
Your bat dies!
Your bat's corpse disappears in a puff of smoke!
Your bat hits the giant cockroach but does no damage.
Your bat hits the giant cockroach but does no damage.
Your bat closely misses the giant cockroach.
The giant cockroach closely misses your bat.
Your bat barely misses the giant cockroach.
The giant cockroach misses your bat.
You swap places.
Your bat barely misses the giant cockroach.
Your bat hits the giant cockroach but does no damage.
The giant cockroach bites your bat.
Your bat hits the giant cockroach but does no damage.
Your bat hits the giant cockroach. The giant cockroach misses your bat.
Your bat closely misses the giant cockroach.
The giant cockroach bites your bat.
Your bat hits the giant cockroach.
Your bat closely misses the giant cockroach.
Your bat hits the giant cockroach but does no damage.
The giant cockroach barely misses your bat.
Your bat barely misses the giant cockroach.
Your bat hits the giant cockroach but does no damage.
The giant cockroach bites your bat.
Your bat dies!
Your bat's corpse disappears in a puff of smoke!
The giant cockroach misses your quokka.
Your quokka closely misses the giant cockroach.
The giant cockroach bites your quokka.
Your quokka bites the giant cockroach.
The giant cockroach dies!
Your quokka disappears in a puff of smoke!
Key pressed, stopping explore.
Key pressed, stopping explore.
You see here a giant cockroach corpse.
A kobold comes into view. It is wielding a +0 dagger.
A kobold is nearby!
A kobold is nearby!
A kobold is nearby!
You swap places.
The kobold barely misses your rat.
Your rat barely misses the kobold.
The kobold hits your rat with a +0 dagger.
Your rat dies!
Your rat's corpse disappears in a puff of smoke!
You swap places.
The kobold throws a stone.
The stone hits your bat.
Your bat closely misses the kobold.
The kobold hits your bat with a +0 dagger.
Your bat dies!
Your bat's corpse disappears in a puff of smoke!
The kobold throws a stone.
The stone barely misses your bat. The stone hits you.
The kobold closely misses your bat.
Your bat closely misses the kobold.
Your bat hits the kobold but does no damage.
Your bat closely misses the kobold.
The kobold throws a stone.
The stone hits your bat.
Your bat hits the kobold but does no damage.
Your bat barely misses the kobold.
Your bat hits the kobold but does no damage.
The kobold barely misses your bat.
Your bat hits the kobold.
Your bat hits the kobold but does no damage.
The kobold hits your bat with a +0 dagger.
Your bat barely misses the kobold.
Your bat closely misses the kobold.
The kobold hits your bat with a +0 dagger.
Your bat dies!
Your bat's corpse disappears in a puff of smoke!
Your bat barely misses the kobold.
The kobold throws a stone.
The stone hits your bat.
Your bat hits the kobold but does no damage.
Your bat barely misses the kobold.
The kobold hits your bat with a +0 dagger.
Your bat closely misses the kobold.
Your bat hits the kobold.
Your bat hits the kobold but does no damage.
You hit the kobold but do no damage.
Your bat closely misses the kobold.
The kobold closely misses you.
You completely miss the kobold. Your bat hits the kobold.
The kobold dies!
Things that are here:
a +0 dagger; 4 stones
d - a +0 dagger
d - a +0 dagger (weapon)
Your bat disappears in a puff of smoke!
Found a stone staircase leading down.
A hobgoblin comes into view. It is wielding a +0 rapier.
There is an open door here.
A hobgoblin is nearby!
A hobgoblin is nearby!
The hobgoblin shouts!
The hobgoblin hits you with a +0 rapier!
Ouch! That really hurt!
* * * LOW HITPOINT WARNING * * *
You hit the hobgoblin.
Your rat completely misses the hobgoblin.
The hobgoblin hits you with a +0 rapier!
Ouch! That really hurt!
You die... ###### ####... ##### #PPPPP .......### #...# #PPPPP #........ #.#.# #PPPPP ###.......# #.#.# #PPP.. .'.......# #.#.# #PP.PP #.......# #.#.# #PP.PP

#....rg.# #.#.#
#P.PP. #'#.....@r#
#.#.# ##P.P.P
.......>..# #.#.#
#...P.P ..####'#.#
#†#.###.P.P.P #.#.#
#l#.....P÷... #.#.#
#.####.#PP.PP
#.#.###.# #.#PP.PP
#.#.....# #†#PPP..
#.##########.#PPPPP
#..........(.#PPPPP


You could see a hobgoblin (ally target) and 2 friendly rats.

Vanquished Creatures (collateral kills)
  A giant cockroach (D:1)
  A hobgoblin (D:1)
  A frilled lizard (D:1)
  A kobold (D:1)
4 creatures vanquished.

Vanquished Creatures (others)
  2 plants (D:1)
2 creatures vanquished.

Grand Total: 6 creatures vanquished

Notes
Turn   | Place    | Note
-------+----------+-------------------------------------------
     0 | D:1      | CryoSword the Demonspawn Summoner began the quest for the
                  | Orb.
     0 | D:1      | Reached XP level 1. HP: 13/13 MP: 3/3
   581 | D:1      | Slain by a hobgoblin

Illustrated notes

Levels and vault maps discovered:
D:1:      roderic_crop_circles_arrival_small, layout_basic

Action                   || total
-------------------------++-------
Melee: Unarmed           ||    22
       Dagger            ||     1
 Cast: Summon Small Mamm ||    12
Armor: Robe              ||     3
Dodge: Dodged            ||    11
